 Dungeon Crawl Stone Soup version 0.30-a0-672-gc3a7216ad8 (webtiles) character file.

Game seed: 17439065534690638776

175 wormed the Grasshopper (level 5, -8/35 HPs)
             Began as an Octopode Warper on Jan 18, 2023.
             Mangled by a nameless horror (15 damage)
             ... created by miscasting Call Canine Familiar
             ... on level 3 of the Dungeon.
             The game lasted 00:04:32 (2677 turns).

wormed the Grasshopper (Octopode Warper)            Turns: 2677, Time: 00:04:32

Health: -8/35      AC:  1    Str: 10    XL:     5   Next: 55%
Magic:  5/9        EV: 13    Int: 18    God:
Gold:   95         SH:  0    Dex: 11    Spells: 1/9 levels left

rFire   . . .      SeeInvis .      - Unarmed
rCold   . . .      Faith    .    (no shield)
rNeg    . . .      Spirit   .    (helmet restricted)
rPois   .          Reflect  .    (no amulet)
rElec   .          Harm     .    (no ring)
rCorr   .          Rampage  .    (no ring)
Will    .....                    (no ring)
Stlth   ++                       (no ring)
HPRegen 0.25/turn                (no ring)
MPRegen 0.11/turn                (no ring)
                                 (no ring)
                                 (no ring)

@: wereblooded (expiring), very slightly contaminated
A: almost no armour, amphibious, 8 rings, camouflage 1, gelatinous body 1,
(nimble swimmer 1), tentacles
a: no special abilities


You were on level 3 of the Dungeon.
You visited 1 branch of the dungeon, and saw 4 of its levels.

You collected 121 gold pieces.
You spent 26 gold pieces at shops.

Inventory:

Missiles
 b - 2 boomerangs of dispersal (quivered)
 f - 5 poisoned darts
Jewellery
 k - a ring of willpower
Scrolls
 l - a scroll of enchant armour {unknown}
 m - a scroll of poison {unknown}
Potions
 c - a potion of curing
 d - a potion of cancellation
 e - 2 potions of berserk rage
 g - a potion of lignification {unknown}
 h - a potion of attraction {unknown}
 i - 2 potions of degeneration {unknown}
 j - a potion of flight {unknown}


   Skills:
 - Level 2.7 Fighting
 - Level 1.0 Throwing
 - Level 3.0 Dodging
 - Level 2.6 Unarmed Combat
 + Level 2.9 Spellcasting
 * Level 1.9 Summonings
 - Level 3.0 Translocations
 * Level 1.9 Transmutations


You had one spell level left.
You knew the following spells:

 Your Spells              Type           Power      Damage    Failure   Level
a - Beastly Appendage     Tmut           18%        N/A       8%          1
b - Wereblood             Tmut           9%         N/A       11%         2
c - Call Canine Familiar  Summ           9%         N/A       22%         3
k - Blink                 Tloc           26%        N/A       8%          2

Your spell library contained the following spells:

 Spells                   Type           Power      Damage    Failure   Level
 Summon Small Mammal      Summ           36%        N/A       8%          1
 Lesser Beckoning         Tloc           26%        N/A       8%          2
 Gell's Gravitas          Tloc           13%        N/A       14%         3
 Teleport Other           Tloc           13%        N/A       14%         3
 Vhi's Electric Charge    Tloc/Air       16%        N/A       26%         3
 Spider Form              Tmut/Pois      6%         N/A       32%         3
 Summon Guardian Golem    Hex/Summ       6%         N/A       32%         3
 Manifold Assault         Tloc           13%        N/A       43%         4
 Dispersal                Tloc           6%         N/A       100%        6


Dungeon Overview and Level Annotations

Branches:
Dungeon (4/15)
 Temple: D:4-7

Altars:
Cheibriados
Dithmenos

Shops:
D:2 ?

Annotations:
D:2 1 runed translucent door, Crazy Yiuf


Innate Abilities, Weirdness & Mutations

You cannot wear most types of armour.
You are amphibious.
You can wear up to eight rings at the same time.
Your skin changes colour to match your surroundings (Stealth+).
Your rubbery body absorbs attacks. (AC +1, EV +1)
((You are camouflaged when in or above water. (Stealth+)))
You have tentacles for arms and can constrict up to eight enemies at once.


Message History

Casting: Wereblood (safe; 12% risk of failure)
Confirm with . or Enter, or press ? or * to list all spells.
One of your tentacles grows a vicious spike.
Casting: Beastly Appendage (safe; 8% risk of failure)
Confirm with . or Enter, or press ? or * to list all spells.
Your blood is infused with primal strength.
The gnoll shouts!
A hobgoblin comes into view.
The gnoll hits you with a +0 halberd!
You tentacle-slap the gnoll but do no damage.
You grab the gnoll.
You pierce the gnoll.
The gnoll is moderately wounded.
You constrict the gnoll. The gnoll misses you.
You tentacle-slap the gnoll.
You pierce the gnoll, but do no damage.
The gnoll is severely wounded.
You constrict the gnoll. The gnoll hits you with a +0 halberd!
You tentacle-slap the gnoll.
You feel a bit better.
You kill the gnoll!
The gnoll hits you from afar with a +0 halberd!
You howl as the wereblood boils in your veins!
The hobgoblin shouts!
You hear a shout!
Your transformation is almost over.
Casting: Wereblood (safe; 11% risk of failure)
Confirm with . or Enter, or press ? or * to list all spells.
The spell is quite dangerous to miscast (22% risk of failure)!
Continue anyway?
You miscast Call Canine Familiar.
You are very lightly contaminated with residual magic.
Nothing appears to happen.
You howl as the wereblood boils in your veins!
The gnoll hits you from afar with a +0 halberd!
* * * LOW HITPOINT WARNING * * *
Blink to where?
Press: ? - help, Dir - move target
Found an escape hatch in the floor.
As you read the scroll of blinking, it crumbles to dust.
Your primal bloodlust is almost over.
There is a stone staircase leading up here.
Your tentacle spike disappears.
You climb upwards.
The nameless horror hits you!
You die...

#.#
#.....#
#.#
#####.#
#.# #.#
#.# #.#
####.#
####.#
..)..#
#....#
######
#.####
#.#
######@#
#..Y..X#
#.######
########
#.#
..W....#
#.#
######.#
#.# #W#
#.# #.#
#.# #.#
#<#


You could see a nameless horror and an ice beast.

Vanquished Creatures
  An ogre (D:4)
  2 gnolls
  2 worms
  2 dart slugs
  An orc (D:4)
  8 ball pythons
  6 endoplasms
  7 giant cockroaches
  2 hobgoblins
  3 quokkas
  4 bats
  2 frilled lizards (D:2)
  6 goblins
  5 kobolds
  5 rats
56 creatures vanquished.

Notes
Turn   | Place    | Note
-------+----------+-------------------------------------------
     0 | D:1      | wormed the Octopode Warper began the quest for the Orb.
     0 | D:1      | Reached XP level 1. HP: 14/14 MP: 3/3
   185 | D:1      | You fall into a shaft and drop 1 floor!
   185 | D:2      | Found Zerut's Magic Scroll Shoppe.
   260 | D:2      | Reached XP level 2. HP: 19/19 MP: 5/5
   603 | D:2      | Reached XP level 3. HP: 5/25 MP: 6/6
   617 | D:2      | Bought a scroll of identify for 26 gold pieces
   857 | D:2      | Found a runed translucent door.
   858 | D:2      | Noticed Crazy Yiuf
  1283 | D:1      | HP: 1/25 [hobgoblin (3)]
  1462 | D:1      | Found a faded altar of an unknown god.
  1742 | D:3      | Noticed a phantom
  1777 | D:3      | Noticed an ice beast
  1783 | D:2      | Learned a level 2 spell: Blink
  1959 | D:3      | Reached XP level 4. HP: 30/30 MP: 7/7
  2015 | D:3      | Found a shadowy altar of Dithmenos.
  2107 | D:3      | Learned a level 1 spell: Beastly Appendage
  2110 | D:3      | Learned a level 2 spell: Wereblood
  2114 | D:3      | Learned a level 3 spell: Call Canine Familiar
  2129 | D:3      | Found a snail-covered altar of Cheibriados.
  2479 | D:3      | Noticed a nameless horror
  2525 | D:4      | Noticed an ogre
  2537 | D:4      | Killed an ogre
  2538 | D:4      | Reached skill level 1 in Summonings
  2538 | D:4      | Reached skill level 1 in Transmutations
  2538 | D:4      | Reached XP level 5. HP: 19/35 MP: 2/9
  2677 | D:3      | Mangled by a nameless horror

Illustrated notes

Levels and vault maps discovered:
D:1:      tarquinn_simple_flora_water_a, layout_rooms,
          hellmonk_ecumenical_altar_leap_of_faith
D:2:      layout_loops_ring, serial_shops, nicolae_diamond_shop,
          uniq_crazy_yiuf_cottage
D:3:      layout_loops_ring, grunt_dithmenos_smoke_and_mirrors,
          kennysheep_slug_shrine
D:4:      layout_cave_pools, serial_shops, nicolae_shop_overgrown_old_shop

Skill      XL: |  1  2  3  4 |
---------------+-------------+-----
Dodging        | 3 |  3.0
Summonings     | 1 |  1.9
Transmutations | 1 |  1.9
Fighting       | |  2.7
Throwing       | |  1.0
Unarmed Combat | |  2.6
Spellcasting   | |  2.9
Translocations | |  3.0

Action                   |  1- 3 |  4- 6 || total
-------------------------+-------+-------++-------
Melee: Unarmed           |    98 |    35 ||   133
       Constrict         |    23 |     9 ||    32
       Tentacles         |    15 |     8 ||    23
       Punch             |     2 |       ||     2
       Kick              |       |     7 ||     7
Throw: Boomerang         |     5 |       ||     5
 Cast: Beastly Appendage |       |     4 ||     4
       Wereblood         |       |     2 ||     2
       Call Canine Famil |       |     1 ||     1
  Use: Scroll            |     5 |     1 ||     6
 Stab: Sleeping          |     8 |     2 ||    10
Armor: Skin              |     6 |     3 ||     9
Dodge: Dodged            |    69 |    16 ||    85

Table legend: (Time is in decaauts)
 A = Elapsed time spent in this place.
 B = Non-inter-level travel time spent in this place.
 C = Inter-level travel time spent in this place.
 D = Time resting spent in this place.
 E = Time spent auto-exploring this place.
 F = Levels seen in this place.
 G = Mean time per level.
                   A        B        C        D        E       F      G
               +--------+--------+--------+--------+--------+-----+--------+
         Total |   2674 |   2460 |    214 |      0 |   1956 |   4 |  668.5 |
       Dungeon |   2674 |   2460 |    214 |      0 |   1956 |   4 |  668.5 |
               +--------+--------+--------+--------+--------+-----+--------+

Top non-repeatable levels by time:
     D:2: 1174 daAuts
     D:3: 663 daAuts
     D:1: 642 daAuts
     D:4: 194 daAuts
